 Dungeon Crawl Stone Soup version 0.20.0-15-g7f486f2 (webtiles) character file.

757022 doot the Minotaur Barricade (level 27, -37/273 HPs)
             Began as a Minotaur Fighter on June 11, 2017.
             Was the Champion of the Shining One.
             Killed from afar by an orb of fire (58 damage)
             ... with a bolt of fire
             ... on level 5 of the Realm of Zot on June 24, 2017.
             The game lasted 07:38:11 (94305 turns).

doot the Minotaur Barricade (Minotaur Fighter)     Turns: 94305, Time: 07:38:12

Health: -37/273    AC: 43    Str: 32    XL:     27
Magic:  14/29      EV: 29    Int:  1    God:    the Shining One [******]
Gold:   4408       SH:  0    Dex: 22    Spells: 25/26 levels left

rFire    . . .     SeeInvis +   a - +9 eveningstar (elec)
rCold    + . .     Gourm    .   c - +5 shield {reflect}
rNeg     + + +     Faith    .   r - +11 plate armour of Calculation {Int-5 Dex+4 SInv}
rPois    .         Spirit   .   (helmet unavailable)
rElec    .         Reflect  +   q - +2 cloak {MR+}
rCorr    .         Harm     .   V - +2 pair of gloves {Str+3}
MR       +++..     Clarity  +   A - +2 pair of boots
Stlth    ..........             s - amulet of rage
Regen    0.0/turn               B - +6 ring of strength
MPRegen  0.3/turn               L - ring of Phasing {EV+8}

@: confused, about to teleport, glowing
A: retaliatory headbutt, horns 3, clarity, cold resistance 1, low mp 1,
inhibited regeneration, weak 1, no potion heal 1, subdued magic 1
}: 3/15 runes: serpentine, barnacled, silver
a: Divine Shield, Cleansing Flame, Summon Divine Warrior, Renounce Religion,
Evoke Berserk Rage


You were on level 5 of the Realm of Zot.
You worshipped the Shining One.
The Shining One was exalted by your worship.
You were not hungry.

You visited 17 branches of the dungeon, and saw 66 of its levels.
You visited Pandemonium 1 time, and saw 1 of its levels.
You visited the Abyss 4 times.
You visited 1 ziggurat, and saw 6 of its levels.
You also visited: Ossuary.

You collected 7411 gold pieces.
You spent 3003 gold pieces at shops.

Inventory:

Hand Weapons
 a - a +9 eveningstar of electrocution (weapon)
 b - a +5 hand crossbow of holy wrath
Missiles
 M - 1673 bolts
Armour
 c - a +5 shield of reflection (worn)
 p - the +2 chain mail of Supple Strength {rPois MR+ Str+4}
   (You found it on level 10 of the Dungeon)

   It affects your strength (+4).
   It protects you from poison.
   It affects your resistance to hostile enchantments.
 q - a +2 cloak of magic resistance (worn)
 r - the +11 plate armour of Calculation (worn) {Int-5 Dex+4 SInv}
   (You bought it in a shop on level 2 of the Elven Halls)

   It affects your intelligence (-5).
   It affects your dexterity (+4).
   It lets you see invisible.
 A - a +2 pair of boots (worn)
 G - the +4 scale mail "Umits" {rCorr}
   (You bought it in a shop on level 2 of the Orcish Mines)

   It protects you from acid and corrosion.
 V - a +2 pair of gloves of strength (worn)
Jewellery
 m - the ring "Huasaem" {*Tele Str+3 Int+4 SInv}
   (You took it off a deep elf annihilator on level 3 of the Elven Halls)

   [ring of teleportation]

   It may teleport you next to monsters.
   It affects your strength (+3).
   It affects your intelligence (+4).
   It lets you see invisible.
 s - an amulet of rage (around neck)
 w - an uncursed ring of protection from fire
 x - an uncursed ring of poison resistance
 y - an uncursed ring of protection from cold
 B - a +6 ring of strength (left hand)
 C - the ring "Neyx" {*Slow rF+ EV+2 Dex+4}
   (You found it on level 1 of the Tomb of the Ancients)

   [ring of evasion]

   It affects your evasion (+2).
   It affects your dexterity (+4).
   It protects you from fire.
   It may slow you when you take damage.
 L - the ring of Phasing (right hand) {EV+8}
   (You took it off a deep elf death mage on level 3 of the Elven Halls)

   [ring of evasion]

   It affects your evasion (+8).
 U - an uncursed amulet of faith
Wands
 u - a wand of flame (27/48)
 E - a wand of iceblast (7/15)
 I - a wand of lightning (6/15)
 N - a wand of acid (10/15)
 R - a wand of scattershot (1/9)
Scrolls
 i - 22 scrolls of identify
 j - a scroll of summoning
 n - 31 scrolls of remove curse
 z - 14 scrolls of recharging
 P - 5 scrolls of fear
 S - 14 scrolls of teleportation
 X - 3 scrolls of blinking
 Y - 3 scrolls of fog
Potions
 e - 7 potions of agility
 k - 5 potions of cancellation
 o - 11 potions of haste
 v - 23 potions of curing
 F - a potion of ambrosia
 H - 4 potions of flight
 J - 7 potions of brilliance
 O - 5 potions of might
 T - 9 potions of lignification
Books
 h - the Grimoire of Enthralling Conjuration
   (You found it on level 5 of a ziggurat)

   Spells                             Type                      Level
   a - Flame Tongue                   Conjuration/Fire             1
   b - Dazzling Spray                 Conjuration/Hexes            3
   c - Cause Fear                     Hexes                        4
   d - Leda's Liquefaction            Hexes/Earth                  4
   e - Discord                        Hexes                        8
 D - a book of the Dragon

   Spells                             Type                      Level
   a - Flame Tongue                   Conjuration/Fire             1
   b - Cause Fear                     Hexes                        4
   c - Bolt of Fire                   Conjuration/Fire             6
   d - Dragon Form                    Transmutation                7
   e - Dragon's Call                  Summoning                    9
 Z - a Fen Folio

   Spells                             Type                      Level
   a - Corpse Rot                     Necromancy                   2
   b - Stone Arrow                    Conjuration/Earth            3
   c - Leda's Liquefaction            Hexes/Earth                  4
   d - Summon Forest                  Summoning/Translocation      5
   e - Hydra Form                     Transmutation                6
   f - Summon Hydra                   Summoning                    7
Miscellaneous
 d - a lightning rod (4/4)
 t - 2 sacks of spiders
 K - a lightning rod (4/4)
Comestibles
 g - 30 royal jellies
 l - 9 meat rations
 W - 43 fruits


   Skills:
 O Level 27 Fighting
   Level 7.3 Long Blades
   Level 17.3(23.4) Axes
 - Level 26.2(27) Maces & Flails
 + Level 12.2 Crossbows
 + Level 7.1 Throwing
 + Level 23.6 Armour
 + Level 14.8 Dodging
 + Level 7.8 Stealth
 O Level 27 Shields
 + Level 0.4 Unarmed Combat
 + Level 0.1 Spellcasting
 - Level 14.4 Invocations
 + Level 10.8 Evocations


You had 25 spell levels left.
You knew the following spells:

 Your Spells              Type           Power        Failure   Level  Hunger
a - Infusion              Chrm           #...         89%         1    ##.....


Dungeon Overview and Level Annotations

Branches:
Dungeon (15/15)            Temple (1/1) D:6            Lair (6/6) D:10
 Shoals (4/4) Lair:3        Snake (4/4) Lair:2        Slime (0/5) Lair:6
    Orc (2/2) D:11            Elf (3/3) Orc:2        Vaults (5/5) D:14
  Crypt (3/3) Vaults:3       Tomb (1/3) Crypt:3      Depths (5/5) D:15
   Hell (1/1)                 Dis (7/7) Hell            Geh (1/7) Hell
    Coc (1/7) Hell            Tar (2/7) Hell            Zot (5/5) Depths:5

Altars:
Ashenzari
Cheibriados
Dithmenos
Elyvilon
Fedhas
Gozag
Hepliaklqana
Kikubaaqudgha
Makhleb
Nemelex Xobeh
Okawaru
Qazlal
Ru
Sif Muna
Trog
Uskayaw
Vehumet
Xom
Yredelemnul
Zin
The Shining One
Beogh

Shops:
D:5 [   D:6 !   D:13 *(?[}   D:15 **   Orc:1 }   Orc:2 =([*[   Elf:2 }!([[
Shoals:2 [   Snake:2 (

Portals:
Hell: Depths:1 Depths:2 Depths:3 Depths:4 Depths:5
Abyss: Depths:2 Depths:3 Depths:4 Depths:5
Pandemonium: Depths:1 Depths:3 Depths:4*

Annotations:
Lair:1 exclusion: oklob plant
Shoals:4 Polyphemus


Innate Abilities, Weirdness & Mutations

You reflexively headbutt those who attack you in melee.
You have a pair of large horns on your head.
You possess an exceptional clarity of mind.
Your flesh is cold resistant. (rC+)
Your magical capacity is low. (-10% MP)
You do not regenerate when monsters are visible.
You are weak. (Str -2)
Potions are less effective at restoring your health.
Your spells are a little easier to cast, but a little less powerful.


Message History

The electric golem hurls lightning at you.
The bolt of lightning hits the orb of fire.
The orb of fire completely resists.
The bolt of lightning misses you. x2
The bolt of lightning misses the orb of fire.
The Orb Guardian hits your angel!!
Your angel barely misses the Orb Guardian.
Your angel misses the Orb Guardian.
Are you sure you want to stumble around while confused and next to your ally the daeva?
This could place you under penance!
You miss the Killer Klown.
The electric golem crackles and sizzles.
The Orb Guardian hits your daeva but does no damage.
The ancient lich completely misses you.
The orb of fire glows yellow.
The bolt of fire hits your angel.
Your angel dies!
The bolt of fire hits the red draconian.
The red draconian resists.
The red draconian dies!
The bolt of fire hits you!
You die...

,,,**,,,,...............,,,,**
,,,,*,,,,...............,,,**
,,,,,,,,,...............,,**
,,,,*,,,,...............,,,**
,,,**,,,,...............,,,,**
,,***,,,,....*..........,,,,,*
*** *,,,,....X..8XX.....,,,,,*
**,,,......)*LL.....,,,,**
***,.....Dp@AX.....,,,**
**▓▓....W.^W.....,,**
#▓▓▓▓▓▓#▓▓▓▓##....,**
###..^^......,,,,...,,**
##....##......,,,,,..,,,**
####...###,,.....,,,,,,.,,,,**
......##*,,,,....,,,,,,,,,,,,*
.....## *,,,,,...,,,,,,,,,,,,*
.....# *,,,,,,..,,,,,,,,,,,,*


You could see 2 orbs of fire, a Killer Klown, an electric golem, 2 ancient
liches, a storm dragon, 4 Orb Guardians, 2 wraiths and a friendly daeva.

Vanquished Creatures
  Mara (Elf:3)
  4 ancient liches
  2 greater mummies
  Bai Suzhen (Elf:3)
  Frederick (Crypt:3)
  Margery (Depths:3)
  A Killer Klown (Zot:3)
  A pandemonium lord (Pan)
  Geryon (Hell)
  4 golden dragons
  Jory (Vaults:4)
  A profane servitor (Abyss:1)
  5 Tzitzimimeh
  the Enchantress (Depths:4)
  8 bone dragons
  A doom hound (Tar:1)
  3 electric golems (Zot:5)
  A hellephant (Abyss:3)
  9 liches
  10 tentacled monstrosities
  A Hell Sentinel (Dis:1)
  2 Ice Fiends
  3 titans (Vaults:5)
  2 deep elf blademasters (Elf:3)
  3 quicksilver dragons
  7 Orb Guardians (Zot:5)
  6 death cobs
  3 Executioners
  16 tentacled starspawn
  8 ancient champions
  3 eldritch tentacles
  14 sphinxes
  Frances (Snake:2)
  10 tengu reavers
  Agnes (D:14)
  3 draconian monks (Zot:2)
  Donald (Shoals:1)
  5 shadow dragons
  Roxanne (Snake:1)
  7 nagarajas
  2 daevas (Abyss:3)
  9 revenants
  Ilsuiw (Shoals:3)
  5 storm dragons
  3 iron dragons
  5 deep elf sorcerers
  10 frost giants
  2 draconian scorchers
  10 fire giants
  3 draconian knights
  2 balrugs
  13 vault wardens
  9 ghouls
  7 deep elf elementalists
  An angel (Depths:4)
  4 orc warlords
  A juggernaut zombie (Depths:4)
  2 cacodemons
  6 draconian shifters
  4 ghost moths
  24 reapers
  3 draconian annihilators
  Aizul (Snake:1)
  16 ironheart preservers
  5 curse skulls
  3 juggernaut skeletons (Depths:4)
  3 war gargoyles
  10 very ugly things
  3 spriggan defenders (Depths:4)
  Nessos (D:12)
  5 green draconians
  22 stone giants
  A corrupter (Depths:2)
  6 vampire knights
  10 deep elf demonologists
  2 entropy weavers (Vaults:4)
  A black sun (Pan)
  3 purple draconians
  5 black draconians
  7 white draconians
  5 red draconians
  2 spark wasps (Depths:3)
  7 yellow draconians
  6 deep elf annihilators
  A dire elephant (Lair:6)
  7 blizzard demons
  10 ettins
  A death ooze (Tar:1)
  17 deep elf death magi
  7 merfolk impalers
  2 eidola
  3 merfolk javelineers
  12 mummy priests
  5 quicksilver dragon zombies
  23 ogre magi
  7 fire dragons
  17 jiangshi
  A kraken zombie (Hell)
  12 yaktaur captains
  16 naga warriors
  13 great orbs of eyes
  A green death (Dis:7)
  2 monstrous demonspawn (Pan)
  5 deep elf high priests
  Harold (Lair:2)
  29 vault guards
  7 hydras
  5 rakshasas
  3 quicksilver dragon skeletons
  3 hell beasts
  3 spriggan air magi
  16 centaur warriors
  9 ice dragons
  A catoblepas (Shoals:4)
  A merfolk avatar (Shoals:1)
  A caustic shrike simulacrum (Depths:4)
  2 alligator snapping turtles (Shoals:2)
  Erica (D:8)
  10 anacondas
  5 merfolk aquamancers
  75 two-headed ogres
  10 deep troll shamans
  A two-headed ogre (shapeshifter) (Vaults:5)
  A shock serpent (shapeshifter) (Depths:1)
  27 death scarabs (Tomb:1)
  13 vampire magi
  10 death knights
  2 death yaks (Shoals:4)
  13 deep troll earth magi
  7 hell hogs
  4 spriggan berserkers
  27 dancing weapons
  13 thrashing horrors
  6 tengu warriors (Depths:2)
  A storm dragon zombie (Vaults:3)
  17 sun demons
  4 orc high priests
  3 titan zombies
  2 shock serpents
  32 deep elf knights
  7 naga sharpshooters
  9 soul eaters
  14 iron trolls
  13 wretched stars
  A titan skeleton (Depths:4)
  A golden dragon zombie (Dis:1)
  5 shadow wraiths
  2 death drakes
  4 salamander mystics (Snake:3)
  A spark wasp zombie (Depths:4)
  4 sixfirhies
  6 hell knights
  89 skeletal warriors
  2 ghost moth zombies (Dis:1)
  A quicksilver dragon simulacrum (Crypt:3)
  2 infernal demonspawn (Pan)
  8 spatial maelstroms
  5 glowing orange brains
  2 storm dragon skeletons
  7 unseen horrors
  10 sea snakes
  A glowing orange brain (shapeshifter) (Vaults:2)
  7 flayed ghosts
  8 naga ritualists
  2 anaconda zombies
  39 deep trolls
  7 phantasmal warriors
  2 torturous demonspawn
  A shambling mangrove (Abyss:3)
  A harpy (shapeshifter) (Elf:3)
  24 deep elf archers
  18 ironbrand convokers
  26 orc knights
  4 wolf spider zombies
  5 shadow demons
  Pikel (D:8)
  5 harpies (Shoals:2)
  An anaconda skeleton (Hell)
  5 shadow dragon zombies
  A mana viper (shapeshifter) (Vaults:5)
  84 deep elf magi
  6 iron dragon zombies
  11 necromancers
  7 wizards
  8 fauns
  A faun (shapeshifter) (Vaults:5)
  A tengu zombie (Depths:4)
  3 lindwurms
  10 wolf spiders
  7 mana vipers
  6 frost giant zombies
  15 orc sorcerers
  5 fire giant zombies
  A shining eye (Abyss:1)
  2 shadow dragon skeletons
  2 iron dragon skeletons (Tar:1)
  11 salamanders
  A sphinx zombie (Depths:4)
  A shining eye (shapeshifter) (Vaults:5)
  58 ugly things
  18 rust devils
  5 worldbinders
  7 cyclopes
  3 stone giant zombies
  34 black mambas
  14 moths of wrath
  2 spriggan zombies (Depths:4)
  Maurice (D:11)
  14 merfolk sirens
  7 guardian serpents
  8 manticores
  7 centaur zombies
  2 ice statues (Hell)
  3 elephants (shapeshifter)
  A guardian serpent (shapeshifter) (Depths:5)
  11 elephants (Lair:6)
  A black mamba (shapeshifter) (Depths:5)
  3 frost giant skeletons
  20 vault sentinels
  3 shock serpent zombies
  A spriggan skeleton (Depths:4)
  3 stone giant skeletons
  Joseph (D:8)
  2 apocalypse crabs (Abyss:4)
  A storm dragon simulacrum (D:15)
  5 spiny frogs
  2 gargoyles
  11 naga magi
  5 torpor snails (Lair:6)
  5 orange demons
  8 hellions
  14 smoke demons
  6 water nymphs
  An eye of devastation (shapeshifter) (Elf:2)
  A shock serpent skeleton (Geh:1)
  10 rime drakes
  A spiny frog (shapeshifter) (Vaults:1)
  20 freezing wraiths
  A catoblepas zombie (Tar:1)
  A swamp worm zombie (Crypt:1)
  51 yaktaurs
  A dire elephant skeleton (Tar:1)
  A kobold demonologist (D:11)
  8 komodo dragons
  2 hellwings
  18 guardian mummies
  4 tengu conjurers
  7 ancient zymes
  A golden dragon simulacrum (Depths:4)
  16 tormentors
  5 silent spectres
  7 ice devils
  9 red devils
  A troll (shapeshifter) (Vaults:3)
  6 hydra zombies
  3 tyrant leeches (Lair:6)
  20 merfolk
  A harpy zombie (Dis:2)
  5 wind drakes
  11 polar bears
  12 hornets
  A tengu simulacrum (Depths:4)
  11 trolls
  A death drake zombie (Crypt:2)
  2 fire dragon zombies
  3 meliai (D:13)
  3 blink frogs (Lair:3)
  18 slime creatures
  5 alligator zombies
  11 hippogriffs
  A wind drake (shapeshifter) (Vaults:4)
  2 ice dragon zombies (Dis:2)
  12 dream sheep
  A bog body (Crypt:3)
  A raiju (shapeshifter) (Depths:1)
  2 hydra skeletons
  A fire giant simulacrum (Hell)
  22 raiju
  An alligator skeleton (Hell)
  7 snapping turtles
  2 black mamba zombies
  2 spriggans (Depths:4)
  2 ettin zombies
  47 flying skulls
  A centaur simulacrum (D:14)
  An elf simulacrum (Depths:4)
  6 air elementals
  An ettin skeleton (Dis:4)
  19 water elementals
  A spriggan simulacrum (Depths:4)
  5 wyverns
  8 ynoxinuls
  12 shadows
  2 ushabtiu
  A human (D:13)
  7 redbacks (Vaults:4)
  17 wraiths
  5 basilisks
  8 fire bats
  58 yaks
  3 hogs (shapeshifter)
  6 vampire mosquitoes
  3 hungry ghosts
  18 fire elementals
  An elf skeleton (Depths:4)
  12 chaos spawn
  13 neqoxecs
  A black mamba skeleton (Tar:2)
  2 steam dragons
  16 wargs
  4 spatial vortices
  8 insubstantial wisps
  4 soldier ants
  A swamp worm (shapeshifter) (Vaults:3)
  A merfolk zombie (Crypt:2)
  Menkaure (D:5)
  2 acid dragons
  51 nagas
  3 wargs (shapeshifter)
  60 hell hounds
  36 large abominations
  A water moccasin (shapeshifter) (Vaults:2)
  A soldier ant (shapeshifter) (Vaults:2)
  An acid dragon (shapeshifter) (Abyss:3)
  23 water moccasins
  A monstrous demonspawn skeleton (Crypt:3)
  2 hydra simulacra (Hell)
  7 porcupines
  A torturous demonspawn skeleton (Crypt:1)
  Duvessa (D:4)
  2 floating eyes
  2 spiny frog skeletons (Hell)
  2 spiny frog zombies
  A two-headed ogre skeleton (Crypt:3)
  A phantom (Tar:1)
  60 orc warriors
  7 sky beasts
  A sky beast (shapeshifter) (Vaults:2)
  12 black bears
  15 necrophages
  3 swamp dragon zombies
  5 ice beasts
  An alligator simulacrum (Hell)
  An elephant zombie (Crypt:2)
  A blink frog zombie (Crypt:1)
  26 small abominations
  55 ogres
  8 boggarts
  2 eyes of draining (Abyss:5)
  32 centaurs
  24 wolves
  12 crocodiles
  A swamp dragon skeleton (Tar:2)
  An elf zombie (Crypt:1)
  A big kobold (D:10)
  5 human zombies
  4 earth elementals
  17 bullfrogs
  2 glowing shapeshifter simulacra
  2 wyvern skeletons
  3 water moccasin zombies (Ossuary)
  A shapeshifter zombie (Crypt:3)
  Dowan (D:4)
  A troll zombie (Dis:7)
  4 scorpions
  20 killer bees
  A yak skeleton (Crypt:1)
  71 wights
  4 howler monkeys
  A howler monkey (shapeshifter) (Depths:1)
  5 electric eels
  7 crimson imps
  3 bullfrog zombies
  5 lava snakes (Snake:2)
  A quasit (Abyss:4)
  53 starcursed masses
  A demonspawn zombie (Crypt:1)
  A human simulacrum (Vaults:3)
  6 jellies
  Crazy Yiuf (D:5)
  26 orc priests
  5 centaur skeletons
  12 hounds
  26 iron imps
  3 bullfrog skeletons
  An iguana (D:5)
  Jessica (D:7)
  3 human skeletons
  A black bear skeleton (Crypt:2)
  25 orc wizards
  8 hell rats (Hell)
  6 worker ants
  Ijyb (D:5)
  A porcupine skeleton (Crypt:3)
  2 big kobold zombies (Ossuary)
  2 ogre zombies
  2 hound zombies
  2 tengu skeletons
  An acid dragon skeleton (Crypt:1)
  2 hound skeletons
  25 mummies
  A worker ant zombie (D:4)
  8 gnolls
  A swamp drake zombie (Crypt:3)
  17 adders
  7 shadow imps
  5 white imps
  2 ufetubi
  9 adder zombies
  A lava snake zombie (Crypt:2)
  2 adder skeletons (D:5)
  3 worms
  3 dart slugs
  4 leopard geckos
  109 orcs
  2 ball pythons
  6 bats
  8 giant cockroaches
  A gnoll zombie (Ossuary)
  8 goblins
  7 hobgoblins
  24 jackals
  3 quokkas
  6 frilled lizards
  A frilled lizard zombie (Crypt:2)
  A hobgoblin skeleton (Crypt:3)
  2 hobgoblin zombies (Ossuary)
  2 jackal skeletons
  A jackal zombie (D:5)
  16 kobolds
  5 kobold zombies (Ossuary)
  3 orc zombies (Ossuary)
  A quokka skeleton (Crypt:2)
  5 rats
  2 crawling corpses (Elf:3)
  A demonic plant (Abyss:1)
  8 fungi
  A lurking horror (Abyss:4)
  3 pillars of salt (Elf:1)
  4 plants
  5 starspawn tentacles
3517 creatures vanquished.

Vanquished Creatures (collateral kills)
  A profane servitor (Crypt:3)
  A titan (Vaults:5)
  Asterion (Elf:2)
  2 Executioners (Pan)
  A sphinx (Vaults:5)
  A frost giant (Depths:2)
  A vault warden (Vaults:5)
  A warmonger (Pan)
  A reaper (Crypt:3)
  A very ugly thing (Abyss:3)
  A stone giant (Depths:2)
  A black draconian (Zot:2)
  A jiangshi (Crypt:3)
  A fire dragon (Depths:2)
  2 ice dragons
  A hydra (shapeshifter) (Abyss:4)
  A centaur warrior (Depths:2)
  2 spriggan air magi (Depths:4)
  5 dancing weapons (Elf:2)
  A spriggan berserker (Depths:4)
  A hell hog (Hell)
  2 orc high priests (Orc:2)
  A thrashing horror (Abyss:1)
  A sun demon (Pan)
  A wretched star (Abyss:4)
  A sixfirhy (Abyss:4)
  5 large abominations
  A gelid demonspawn (Pan)
  A spatial maelstrom (Abyss:1)
  A flayed ghost (Crypt:3)
  An infernal demonspawn (Pan)
  2 deep elf archers (Elf:2)
  An orc knight (Orc:2)
  An orc sorcerer (Orc:2)
  An orb spider (shapeshifter) (Zig:6)
  5 smoke demons
  A hellion (Abyss:1)
  5 yaktaurs
  An ancient zyme (Abyss:4)
  2 guardian mummies (Crypt:3)
  A raiju (Abyss:4)
  A ynoxinul (Abyss:3)
  A wraith (Crypt:3)
  2 shadows (Abyss:4)
  2 neqoxecs (Pan)
  2 chaos spawn
  A spatial vortex (Abyss:1)
  A hell hound (Abyss:4)
  A spiny frog zombie (Crypt:3)
  5 orc warriors (Orc:2)
  An ogre (Orc:2)
  6 starcursed masses
  A soldier ant zombie (Crypt:3)
  An iron imp (Abyss:4)
  A mummy (Tomb:1)
89 creatures vanquished.

Vanquished Creatures (others)
  3 deep elf master archers
  A tentacled starspawn (Abyss:1)
  A fire giant (Vaults:4)
  A blood saint (Pan)
  A deep elf demonologist (Vaults:5)
  2 stone giants
  A black draconian (Zot:2)
  A red draconian (Zot:5)
  A merfolk javelineer (Shoals:2)
  A naga warrior (Abyss:4)
  3 yaktaur captains
  A rakshasa (Depths:3)
  A satyr (Shoals:3)
  A centaur warrior (D:14)
  A death scarab (Tomb:1)
  2 hell hogs (Dis:2)
  A naga sharpshooter (Snake:4)
  2 deep elf knights (Elf:2)
  A sun demon (Hell)
  5 deep elf archers
  A cyclops (Shoals:3)
  3 deep elf magi
  11 yaktaurs
  2 shadow dragon simulacra
  A raiju (Abyss:4)
  A naga (Snake:4)
  A small abomination (Abyss:4)
  A hell hound (Hell)
  4 slaves (D:8)
  4 centaurs
  A boggart (Depths:4)
  A starcursed mass (Abyss:3)
  2 hell rats (Hell)
  A tengu skeleton (Tar:2)
  2 orcs
  15 bushes (Abyss:4)
  12 demonic plants (Abyss:4)
  A fire vortex (Abyss:4)
  5 fungi
  2 pillars of salt (Elf:1)
  36 plants
  52 starspawn tentacles
  14 tentacles
  6 withered plants (Tar:1)
210 creatures vanquished.

Grand Total: 3816 creatures vanquished

Notes
Turn   | Place    | Note
-------+----------+-------------------------------------------
     0 | D:1      | doot the Minotaur Fighter began the quest for the Orb.
     0 | D:1      | Reached XP level 1. HP: 19/19 MP: 0/0
   186 | D:2      | Reached XP level 2. HP: 27/27 MP: 1/1
   543 | D:3      | Reached XP level 3. HP: 22/33 MP: 2/2
   737 | D:4      | Found a sand-covered staircase.
   743 | Ossuary  | Entered an ossuary
   771 | Ossuary  | Reached skill level 1 in Dodging
   771 | Ossuary  | Reached XP level 4. HP: 37/40 MP: 3/3
   849 | Ossuary  | Reached XP level 5. HP: 13/46 MP: 4/4
  1099 | Ossuary  | Reached skill level 5 in Axes
  1104 | Ossuary  | Reached skill level 5 in Armour
  1104 | Ossuary  | Reached XP level 6. HP: 39/52 MP: 5/5
  1585 | D:4      | Noticed Duvessa
  1599 | D:5      | Entered Level 5 of the Dungeon
  1602 | D:5      | Noticed an ice beast
  1611 | D:5      | Reached skill level 1 in Maces & Flails
  1623 | D:5      | Killed an ice beast
  1623 | D:5      | Reached XP level 7. HP: 7/60 MP: 6/6
  1947 | D:5      | Noticed Ijyb
  2020 | D:5      | Killed Ijyb
  2049 | D:5      | Reached skill level 5 in Shields
  2158 | D:5      | Gained mutation: Scrolls take you a little longer to read. [mutagenic meat]
  2159 | D:5      | Gained mutation: You are dopey. (Int -2) [mutagenic meat]
  2160 | D:5      | Gained mutation: Your flesh is cold resistant. (rC+) [mutagenic meat]
  2392 | D:5      | Found Hos Mugg's Antique Armour Emporium.
  2412 | D:5      | Got a smoking lead ring
  2414 | D:5      | Identified the ring "Ucief" {Dex+2 Stlth-} (You found it on level 5 of the Dungeon)
  2545 | D:5      | Found a runed door.
  2549 | D:5      | Noticed Crazy Yiuf
  2552 | D:5      | Killed Crazy Yiuf
  2583 | D:5      | Noticed Menkaure
  2761 | D:5      | Reached skill level 5 in Fighting
  3042 | D:5      | Reached XP level 8. HP: 42/68 MP: 7/7
  3447 | D:5      | Reached skill level 5 in Maces & Flails
  3450 | D:5      | Gained mutation: You are partially covered in yellow scales. (AC +2) [mutagenic meat]
  3451 | D:5      | Gained mutation: Your magical capacity is low. (-10% MP) [mutagenic meat]
  3452 | D:5      | Gained mutation: Scrolls take you longer to read. [mutagenic meat]
  3547 | D:6      | You fall through a shaft for 2 floors!
  3547 | D:8      | Noticed Pikel
  3593 | D:8      | Noticed Erica
  3594 | D:8      | Noticed Joseph
  3640 | D:8      | Killed Erica
  3640 | D:8      | Reached XP level 9. HP: 75/75 MP: 7/7
  3662 | D:8      | Killed Joseph
  3662 | D:8      | Reached skill level 5 in Dodging
  3909 | D:8      | Noticed a two-headed ogre
  3944 | D:8      | Killed Pikel
  3999 | D:8      | Noticed a troll
  4470 | D:7      | Got a faintly glowing leather armour
  4481 | D:7      | Identified the cursed +1 leather armour "Zayrase" {Int+4} (You found it on level 7 of the Dungeon)
  4485 | D:7      | Learned a level 1 spell: Infusion
  4532 | D:7      | Found a sparkling altar of Nemelex Xobeh.
  4532 | D:7      | Noticed Jessica
  4537 | D:7      | Killed Jessica
  4889 | D:6      | Learned a level 2 spell: Song of Slaying
  4945 | D:6      | Reached XP level 10. HP: 57/84 MP: 5/8
  5032 | D:6      | Reached skill level 1 in Stealth
  5040 | D:6      | Found a staircase to the Ecumenical Temple.
  5055 | Temple   | Entered the Ecumenical Temple
  5126 | Temple   | Became a worshipper of the Shining One
  5462 | D:5      | Killed Menkaure
  5711 | D:4      | Noticed Dowan
  5723 | D:4      | Killed Dowan
  5900 | D:4      | Killed Duvessa
  5907 | D:4      | Reached skill level 10 in Maces & Flails
  7070 | D:2      | Found a deep blue altar of Sif Muna.
  7073 | D:2      | Found a white marble altar of Elyvilon.
  7076 | D:2      | Found a hide-covered altar of Uskayaw.
  8034 | D:6      | Found Pody's Distillery.
  8697 | D:9      | Reached skill level 1 in Crossbows
  9125 | D:9      | Reached * piety under the Shining One
  9432 | D:8      | Killed a two-headed ogre
  9598 | D:8      | Reached ** piety under the Shining One
  9840 | D:8      | Found a blossoming altar of Fedhas.
  9917 | D:7      | You fall through a shaft for 3 floors!
  9917 | D:10     | Entered Level 10 of the Dungeon
  9936 | D:10     | Reached XP level 11. HP: 88/94 MP: 9/9
 10180 | D:5      | Bought a pair of runed gloves for 225 gold pieces
 10325 | D:10     | Got an encrusted chain mail
 10336 | D:10     | Identified the +2 chain mail of Supple Strength {rPois MR+ Str+4} (You found it on level 10 of the Dungeon)
 10431 | D:10     | Found a staircase to the Lair.
 10814 | D:10     | Reached skill level 1 in Invocations
 10999 | D:11     | Reached skill level 1 in Evocations
 11028 | D:11     | Reached *** piety under the Shining One
 11176 | D:11     | Gained mutation: You expend magic power (3 MP) to strengthen your wands. [mutagenic meat]
 11272 | D:11     | Found a staircase to the Orcish Mines.
 11272 | D:11     | Noticed a two-headed ogre
 11280 | D:11     | Killed a two-headed ogre
 11331 | D:11     | Noticed Maurice
 11341 | D:11     | Killed Maurice
 11350 | D:11     | Reached skill level 10 in Shields
 11953 | D:11     | Reached skill level 5 in Crossbows
 11993 | Orc:1    | Entered Level 1 of the Orcish Mines
 11998 | Orc:1    | Found Covvotiu's Quality Used Wands.
 12170 | Orc:1    | Reached **** piety under the Shining One
 12336 | Orc:2    | Entered Level 2 of the Orcish Mines
 12356 | Orc:2    | Noticed an orc knight
 12366 | Orc:2    | Reached XP level 12. HP: 104/104 MP: 12/12
 12481 | Lair:1   | Entered Level 1 of the Lair of Beasts
 12874 | Lair:1   | Lost mutation: You are dopey. (Int -2) [potion of mutation]
 12874 | Lair:1   | Lost mutation: You expend magic power (3 MP) to strengthen your wands. [potion of mutation]
 12874 | Lair:1   | Lost mutation: Your flesh is cold resistant. (rC+) [potion of mutation]
 12874 | Lair:1   | Lost mutation: Scrolls take you longer to read. [potion of mutation]
 12874 | Lair:1   | Lost mutation: Your magical capacity is low. (-10% MP) [potion of mutation]
 12874 | Lair:1   | Gained mutation: You are agile. (Dex +2) [potion of mutation]
 12874 | Lair:1   | Gained mutation: You have sharp fingernails. [potion of mutation]
 12874 | Lair:1   | Gained mutation: Your movements are slightly less encumbered by armour. (ER -2) [potion of mutation]
 12887 | Lair:1   | Lost mutation: Scrolls take you a little longer to read. [potion of mutation]
 12887 | Lair:1   | Lost mutation: Your movements are slightly less encumbered by armour. (ER -2) [potion of mutation]
 12887 | Lair:1   | Lost mutation: You are agile. (Dex +2) [potion of mutation]
 12887 | Lair:1   | Lost mutation: You are partially covered in yellow scales. (AC +2) [potion of mutation]
 12887 | Lair:1   | Lost mutation: You have sharp fingernails. [potion of mutation]
 12887 | Lair:1   | Gained mutation: You are partially covered in iridescent scales. (AC +2) [potion of mutation]
 12887 | Lair:1   | Gained mutation: Your spells are a little easier to cast, but a little less powerful. [potion of mutation]
 12887 | Lair:1   | Gained mutation: You are weak. (Str -2) [potion of mutation]
 12887 | Lair:1   | Gained mutation: You have large cloven feet. [potion of mutation]
 12910 | Lair:1   | Identified a scroll of acquirement
 12913 | Lair:1   | Got a pair of smoking gloves
 12924 | Lair:1   | Identified the +0 pair of gloves of Qogia {Stlth+} (You acquired it on level 1 of the Lair of Beasts)
 13529 | Lair:1   | Lost mutation: You have large cloven feet. [potion of mutation]
 13529 | Lair:1   | Lost mutation: You are weak. (Str -2) [potion of mutation]
 13529 | Lair:1   | Gained mutation: You have a pair of large horns on your head. [potion of mutation]
 13604 | Lair:2   | Noticed Harold
 13617 | Lair:2   | Killed Harold
 13893 | Lair:2   | Noticed an eight-headed hydra
 13936 | Lair:2   | Killed a three-headed hydra
 14133 | Lair:2   | Found a staircase to the Snake Pit.
 14702 | Lair:3   | Reached skill level 10 in Fighting
 14705 | Lair:3   | Reached skill level 5 in Invocations
 14842 | Lair:3   | Found a staircase to the Shoals.
 15177 | Lair:3   | Found a white marble altar of Elyvilon.
 15904 | Lair:4   | Reached XP level 13. HP: 113/113 MP: 16/16
 16083 | Lair:4   | Reached skill level 5 in Evocations
 16996 | Lair:5   | Reached skill level 1 in Long Blades
 16996 | Lair:5   | Reached skill level 10 in Axes
 17160 | Lair:6   | Entered Level 6 of the Lair of Beasts
 17500 | Lair:6   | Reached ***** piety under the Shining One
 17996 | Lair:6   | Found a staircase to the Slime Pits.
 18827 | Lair:6   | Reached skill level 10 in Armour
 18913 | Lair:6   | Noticed a dire elephant
 18933 | Lair:5   | Reached XP level 14. HP: 120/124 MP: 18/18
 19635 | Lair:6   | Found a runed door.
 20375 | Lair:6   | Reached ****** piety under the Shining One
 20439 | Lair:6   | Identified the amulet "Nefovium" {RegenMP Str+8 Int-4 Dex+3} (You found it on level 6 of the Lair of Beasts)
 20793 | Orc:2    | Found Jakatak's Antique Weapon Boutique.
 20806 | Orc:2    | Found Dutoimum's Jewellery Shop.
 20966 | Orc:2    | Found a roughly hewn altar of Beogh.
 21015 | Orc:2    | Noticed an orc warlord
 21017 | Orc:2    | Found Lorchobeg's General Store.
 21245 | Orc:1    | Killed an orc warlord
 21456 | Orc:2    | Found Jeiledgh's Antique Armour Boutique.
 21499 | Orc:2    | Found Amev's Antique Armour Boutique.
 21507 | Orc:2    | Bought a twisted scale mail for 288 gold pieces
 21519 | Orc:2    | Identified the +4 scale mail "Umits" {rCorr} (You bought it in a shop on level 2 of the Orcish Mines)
 21613 | Orc:2    | Bought a +5 ring of strength for 576 gold pieces
 21747 | Orc:2    | Found a staircase to the Elven Halls.
 22373 | Elf:1    | Entered Level 1 of the Elven Halls
 22660 | D:12     | Found a large runed door.
 22661 | D:12     | Found a large runed door.
 23288 | D:12     | Got a faintly glowing scale mail
 23299 | D:12     | Identified the +3 scale mail "Uqiteorph" {Str+5} (You found it on level 12 of the Dungeon)
 23683 | D:12     | Found an iron altar of Okawaru.
 24051 | D:12     | Found an iron altar of Okawaru.
 24061 | D:12     | Got a slimy leather armour
 24072 | D:12     | Identified the +3 leather armour "Ynuwk" {Str+3} (You found it on level 12 of the Dungeon)
 24191 | D:13     | Reached XP level 15. HP: 132/132 MP: 20/20
 24391 | D:13     | Noticed Nessos
 24496 | D:12     | Killed Nessos
 24702 | D:13     | Found Jehaxkeu's Armour Emporium.
 24875 | D:13     | Found Siupn's Magic Scroll Emporium.
 24948 | D:13     | Found Zangapur's Assorted Antiques.
 25353 | D:13     | Found Nintocyr's Weapon Shoppe.
 25678 | D:13     | Found Seikh's Gadget Emporium.
 25784 | D:14     | Noticed Agnes
 25800 | D:14     | Killed Agnes
 26595 | D:14     | Reached XP level 16. HP: 132/139 MP: 21/21
 26652 | D:14     | Found a gate to the Vaults.
 26725 | D:15     | Entered Level 15 of the Dungeon
 26744 | D:15     | Found Firoette's Hallowed Reliquary.
 26769 | D:15     | Found a glowing golden altar of the Shining One.
 27510 | D:15     | Reached skill level 1 in Throwing
 27819 | D:15     | Found Togh's General Store.
 28038 | D:15     | Reached skill level 10 in Invocations
 28204 | D:15     | Found a staircase to the Depths.
 28470 | D:14     | Reached XP level 17. HP: 39/148 MP: 23/23
 29021 | Snake:1  | Entered Level 1 of the Snake Pit
 29459 | Shoals:1 | Entered Level 1 of the Shoals
 29553 | Shoals:1 | Noticed a kraken
 30378 | Shoals:1 | Noticed Donald
 30387 | Shoals:1 | Killed Donald
 30899 | Shoals:2 | Found Zivaadd's Armour Shoppe.
 30920 | Shoals:2 | Bought a +1 pair of gloves of strength for 264 gold pieces
 30920 | Shoals:2 | Bought a +2 cloak of magic resistance for 344 gold pieces
 33500 | Shoals:4 | Entered Level 4 of the Shoals
 33636 | Shoals:4 | Noticed Ilsuiw
 33664 | Shoals:3 | Killed Ilsuiw
 34308 | Shoals:4 | Reached skill level 5 in Long Blades
 34350 | Shoals:4 | Noticed Polyphemus
 34958 | Shoals:4 | Reached XP level 18. HP: 78/157 MP: 25/25
 35192 | Shoals:4 | Got a barnacled rune of Zot
 35427 | Snake:1  | Noticed Roxanne
 35862 | Snake:1  | Noticed Aizul
 35871 | Snake:1  | Killed Aizul
 36244 | Snake:1  | Killed Roxanne
 36657 | Snake:2  | Noticed Frances
 36682 | Snake:2  | Killed Frances
 36720 | Snake:2  | Reached skill level 5 in Stealth
 36947 | Snake:2  | Found Voicodd's Weapon Emporium.
 37116 | Snake:2  | Reached skill level 10 in Dodging
 38765 | Snake:3  | Reached skill level 15 in Axes
 38944 | Snake:4  | Entered Level 4 of the Snake Pit
 38944 | Snake:4  | Found a glowing silver altar of Zin.
 39773 | Snake:4  | Reached skill level 5 in Throwing
 40035 | Snake:4  | Reached XP level 19. HP: 166/166 MP: 27/27
 40050 | Snake:4  | Got a serpentine rune of Zot
 40369 | Vaults:1 | Entered Level 1 of the Vaults
 41286 | Vaults:1 | Reached skill level 10 in Evocations
 42479 | Vaults:1 | Reached skill level 10 in Crossbows
 44260 | Vaults:2 | Reached skill level 15 in Shields
 44371 | Vaults:2 | Reached XP level 20. HP: 154/174 MP: 28/28
 44850 | Vaults:1 | Cast into level 4 of the Abyss (a distortion unwield)
 44997 | Abyss:4  | Noticed an ancient lich
 45012 | Abyss:4  | Killed an ancient lich
 45188 | Abyss:4  | Noticed a bone dragon
 45423 | Abyss:4  | Gained mutation: Your magical capacity is low. (-10% MP) [a neqoxec]
 45996 | Abyss:5  | Entered Level 5 of the Abyss
 46127 | Abyss:5  | Noticed a bone dragon
 46660 | Abyss:5  | Noticed a bone dragon
 46669 | Abyss:5  | Noticed a bone dragon
 46693 | Abyss:5  | Killed a bone dragon
 46713 | Abyss:5  | Killed a bone dragon
 46720 | Vaults:1 | Escaped the Abyss
 47060 | Vaults:1 | Gained mutation: You are weak. (Str -2) [mutagenic glow]
 47117 | Vaults:1 | Gained mutation: Potions are less effective at restoring your health. [mutagenic glow]
 47648 | Depths:1 | Entered Level 1 of the Depths
 47839 | Depths:1 | Found a bloodstained altar of Trog.
 47954 | Depths:1 | Reached skill level 15 in Maces & Flails
 48559 | Depths:1 | Found a one-way gate leading to the halls of Pandemonium.
 48636 | Depths:1 | Found a gateway to Hell.
 49464 | Depths:1 | Reached XP level 21. HP: 172/182 MP: 27/27
 50594 | Depths:2 | Reached skill level 15 in Fighting
 51024 | Depths:2 | Got a bloodstained scale mail
 51035 | Depths:2 | Identified the cursed +0 scale mail "Saevan" {rC+} (You took it off a tengu warrior on level 2 of the Depths)
 51120 | Depths:2 | Paralysed by a floating eye for 4 turns
 51128 | Depths:2 | Paralysed by a floating eye for 3 turns
 52221 | Hell     | Entered the Vestibule of Hell
 52221 | Hell     | Noticed Geryon
 54212 | Elf:1    | Identified the Incunabulum of Creative Combat Magic
 54938 | Elf:2    | Found Biaged's Armour Shoppe.
 54944 | Elf:2    | Found Couch's Antique Weapon Emporium.
 54956 | Elf:2    | Bought the +11 plate armour of Calculation {Int-5 Dex+4 SInv} for 1306 gold pieces
 54968 | Elf:2    | Lost intelligence.
 55076 | Elf:2    | Lost intelligence.
 55208 | Elf:2    | Found Tail's Antique Armour Boutique.
 55374 | Elf:2    | Lost intelligence.
 55613 | Elf:2    | Found Esebaehu's Distillery.
 55631 | Elf:2    | Found Ripniati's Gadget Boutique.
 56018 | Elf:2    | Found a huge runed gate.
 56018 | Elf:2    | Found a huge runed gate.
 56025 | Elf:2    | Found a huge runed gate.
 56025 | Elf:2    | Found a huge runed gate.
 56025 | Elf:2    | Found a huge runed gate.
 56063 | Elf:2    | Noticed Asterion
 56083 | Elf:2    | Killed Asterion
 56148 | Elf:2    | Reached XP level 22. HP: 136/198 MP: 28/28
 56278 | Elf:2    | Lost intelligence.
 56450 | Elf:2    | Reached skill level 15 in Armour
 56874 | Elf:3    | Entered Level 3 of the Elven Halls
 56951 | Elf:3    | Noticed Mara
 56963 | Elf:3    | Killed Mara
 57296 | Elf:3    | Noticed Bai Suzhen
 57318 | Elf:3    | Killed Bai Suzhen
 59549 | Vaults:3 | Found a roughly hewn altar of Beogh.
 59932 | Vaults:3 | Reached XP level 23. HP: 209/209 MP: 29/29
 59938 | Vaults:3 | Found a staircase to the Crypt.
 61274 | Vaults:4 | Noticed Jory
 61287 | Vaults:4 | Killed Jory
 62827 | Vaults:5 | Entered Level 5 of the Vaults
 63558 | Vaults:5 | Reached XP level 24. HP: 186/222 MP: 29/29
 64122 | Vaults:5 | Lost intelligence.
 64147 | Vaults:5 | Got a silver rune of Zot
 64172 | Vaults:5 | Got an ancient steel ring
 64174 | Vaults:5 | Identified the ring of Xom's Wantonness {-Tele rElec rF- rN+++ Dex+3} (You found it on level 5 of the Vaults)
 64946 | Vaults:5 | Noticed an ancient lich
 64954 | Vaults:5 | Killed an ancient lich
 64996 | Vaults:5 | Identified the +11 morningstar of Callousness {drain, MR+++ Str-5 Int+8 Dex-2} (You found it on level 5 of the Vaults)
 65144 | Vaults:5 | Noticed an ancient lich
 65162 | Vaults:5 | Killed an ancient lich
 65170 | Vaults:5 | Paralysed by a sphinx for 3 turns
 66236 | Crypt:1  | Entered Level 1 of the Crypt
 67444 | Crypt:2  | Reached XP level 25. HP: 133/234 MP: 29/29
 68060 | Crypt:3  | Entered Level 3 of the Crypt
 68457 | Crypt:3  | Found an ancient bone altar of Kikubaaqudgha.
 68465 | Crypt:3  | Found a basalt altar of Yredelemnul.
 68672 | Crypt:3  | Noticed Frederick
 68685 | Crypt:3  | Killed Frederick
 68919 | Crypt:3  | Found a staircase to the Tomb.
 68928 | Tomb:1   | Entered Level 1 of the Tomb of the Ancients
 69475 | Tomb:1   | Got a bound glass ring
 69476 | Tomb:1   | Identified the ring "Neyx" {*Slow rF+ EV+2 Dex+4} (You found it on level 1 of the Tomb of the Ancients)
 69595 | Tomb:1   | Noticed a greater mummy
 69595 | Tomb:1   | Noticed a greater mummy
 70389 | Depths:2 | Found a one-way gate to the infinite horrors of the Abyss.
 70393 | Depths:2 | Voluntarily entered the Abyss.
 70586 | Depths:2 | Escaped the Abyss
 70593 | Depths:2 | Voluntarily entered the Abyss.
 70707 | Abyss:1  | Reached XP level 26. HP: 193/244 MP: 29/29
 70730 | Abyss:1  | Gained mutation: Your spells are easier to cast, but less powerful. [a shining eye]
 70799 | Abyss:1  | Paralysed by accursed screaming for 1 turns
 70844 | Abyss:2  | Found a corrupted altar of Lugonu.
 71201 | Abyss:3  | Lost intelligence.
 71215 | Abyss:3  | Paralysed by accursed screaming for 1 turns
 71221 | Abyss:3  | Paralysed by accursed screaming for 2 turns
 71517 | Abyss:3  | Paralysed by accursed screaming for 1 turns
 72041 | Abyss:3  | Found a deep blue altar of Sif Muna.
 72355 | Abyss:3  | Lost intelligence.
 72561 | Abyss:3  | Paralysed by accursed screaming for 2 turns
 72565 | Abyss:3  | Paralysed by accursed screaming for 2 turns
 72759 | Abyss:4  | Found a corrupted altar of Lugonu.
 72775 | Depths:2 | Escaped the Abyss
 73247 | Hell     | Found a gateway to the ashen valley of Gehenna.
 73266 | Hell     | Killed Geryon
 73445 | Hell     | Found a gateway to the decaying netherworld of Tartarus.
 73507 | Hell     | Found a gateway to the freezing wastes of Cocytus.
 73790 | Hell     | Found a gateway to the Iron City of Dis.
 73880 | Dis:1    | Entered Level 1 of the Iron City of Dis
 75309 | Dis:1    | Gained mutation: Your magical capacity is very low. (-20% MP) [mutagenic glow]
 75331 | Dis:1    | Gained mutation: Your magical capacity is extremely low. (-30% MP) [mutagenic glow]
 76230 | Dis:1    | Reached XP level 27. HP: 251/251 MP: 22/22
 78037 | Dis:7    | Entered Level 7 of the Iron City of Dis
 78530 | Geh:1    | Entered Level 1 of Gehenna
 78666 | Tar:1    | Entered Level 1 of Tartarus
 79667 | Coc:1    | Entered Level 1 of Cocytus
 79990 | Hell     | Identified a +4 hand crossbow of holy wrath (a +2 hand crossbow of freezing blessed by the Shining One)
 79990 | Hell     | Received a gift from the Shining One
 80551 | Elf:3    | Identified the ring "Huasaem" {*Tele Str+3 Int+4 SInv} (You took it off a deep elf annihilator on level 3 of the Elven Halls)
 80883 | Elf:3    | Identified the Catalogue of Aid and Transmutation
 80949 | Elf:3    | Identified the Almanac of Boosts
 81029 | Elf:3    | Reached skill level 27 in Shields
 81100 | Elf:3    | Identified the ring of the Heavens {*Tele Str+2} (You took it off a deep elf death mage on level 3 of the Elven Halls)
 81915 | Tomb:1   | Killed a greater mummy
 82244 | Crypt:3  | Killed a greater mummy
 82406 | Tomb:1   | Lost intelligence.
 83563 | Tomb:1   | Lost intelligence.
 84168 | Depths:2 | Voluntarily entered the Abyss.
 84505 | Abyss:1  | Paralysed by accursed screaming for 1 turns
 84510 | Abyss:1  | Paralysed by accursed screaming for 2 turns
 84514 | Abyss:1  | Paralysed by accursed screaming for 2 turns
 84518 | Abyss:1  | Paralysed by accursed screaming for 2 turns
 84565 | Abyss:1  | Paralysed by accursed screaming for 1 turns
 84566 | Abyss:1  | HP: 7/266 [infernal corrupter/mace (26)]
 84566 | Abyss:1  | The Shining One protects you from harm!
 84569 | Depths:2 | Escaped the Abyss
 84891 | Depths:3 | Paralysed by a floating eye for 2 turns
 84937 | Depths:3 | Noticed Margery
 84947 | Depths:3 | Killed Margery
 86145 | Pan      | Entered Pandemonium
 86216 | Pan      | Gained mutation: Scrolls take you a little longer to read. [a neqoxec]
 86219 | Pan      | Noticed Nigautwa the pandemonium lord
 86227 | Pan      | Killed Nigautwa the pandemonium lord
 86231 | Pan      | Lost intelligence.
 86418 | Pan      | Gained mutation: Your body sometimes deteriorates upon taking damage. [a neqoxec]
 86495 | Pan      | Found an exit through the horrors of the Abyss.
 86775 | Pan      | Gained mutation: You are dopey. (Int -2) [a neqoxec]
 86942 | Depths:3 | Escaped Pandemonium
 87114 | Depths:4 | Gained mutation: You possess an exceptional clarity of mind. [mutagenic meat]
 87120 | Depths:4 | Gained mutation: You occasionally shout uncontrollably at your foes. [mutagenic meat]
 87123 | Depths:4 | Lost mutation: You are partially covered in iridescent scales. (AC +2) [mutagenic meat]
 87125 | Depths:4 | Lost mutation: Scrolls take you a little longer to read. [mutagenic meat]
 87134 | Depths:4 | Found an ancient bone altar of Kikubaaqudgha.
 87134 | Depths:4 | Noticed an ancient lich
 87145 | Depths:4 | Killed an ancient lich
 87399 | Depths:4 | Reached skill level 27 in Fighting
 87500 | Depths:4 | Noticed the Enchantress
 87509 | Depths:4 | Killed the Enchantress
 88118 | Depths:1 | Lost mutation: You have a pair of large horns on your head. [potion of mutation]
 88118 | Depths:1 | Lost mutation: You are weak. (Str -2) [potion of mutation]
 88118 | Depths:1 | Lost mutation: You occasionally shout uncontrollably at your foes. [potion of mutation]
 88118 | Depths:1 | Lost mutation: You are dopey. (Int -2) [potion of mutation]
 88118 | Depths:1 | Gained mutation: You do not regenerate when monsters are visible. [potion of mutation]
 88118 | Depths:1 | Gained mutation: You are dopey. (Int -2) [potion of mutation]
 88118 | Depths:1 | Gained mutation: You passively map a small area around you. [potion of mutation]
 88358 | Vaults:2 | Lost mutation: You are dopey. (Int -2) [potion of mutation]
 88358 | Vaults:2 | Lost mutation: Your magical capacity is extremely low. (-30% MP) [potion of mutation]
 88358 | Vaults:2 | Lost mutation: Your spells are easier to cast, but less powerful. [potion of mutation]
 88358 | Vaults:2 | Lost mutation: Your magical capacity is very low. (-20% MP) [potion of mutation]
 88358 | Vaults:2 | Lost mutation: Your body sometimes deteriorates upon taking damage. [potion of mutation]
 88358 | Vaults:2 | Lost mutation: You passively map a small area around you. [potion of mutation]
 88358 | Vaults:2 | Gained mutation: You have a pair of large horns on your head. [potion of mutation]
 88358 | Vaults:2 | Gained mutation: Your flesh is cold resistant. (rC+) [potion of mutation]
 88617 | Depths:5 | Entered Level 5 of the Depths
 88794 | Depths:4 | Found a glowing golden altar of the Shining One.
 89000 | Depths:4 | Found a gateway to a ziggurat.
 89021 | Zig:1    | Entered Level 1 of a ziggurat
 89041 | Zig:1    | Identified the +6 great mace "Minotaur's Foe" {crush, Dex+2} (You found it on level 1 of a ziggurat)
 89052 | Zig:2    | Entered Level 2 of a ziggurat
 89085 | Zig:3    | Entered Level 3 of a ziggurat
 89136 | Zig:4    | Entered Level 4 of a ziggurat
 89179 | Zig:5    | Entered Level 5 of a ziggurat
 89200 | Zig:5    | Identified the Grimoire of Enthralling Conjuration
 89208 | Zig:5    | Identified the Guide on Clay
 89546 | Zig:6    | Entered Level 6 of a ziggurat
 90834 | Depths:5 | Found a gate to the Realm of Zot.
 90918 | Zot:1    | Entered Level 1 of the Realm of Zot
 93634 | Zot:5    | Entered Level 5 of the Realm of Zot
 94295 | Zot:5    | Noticed an ancient lich
 94295 | Zot:5    | Noticed an ancient lich
 94296 | Zot:5    | Noticed an orb of fire
 94297 | Zot:5    | Noticed an orb of fire
 94297 | Zot:5    | Gained mutation: You are weak. (Str -2) [an orb of fire]
 94305 | Zot:5    | Killed from afar by an orb of fire

Skill      XL: |  1  2  3  4  5  6  7  8  9 10 11 12 13 14 15 16 17 18 19 20 21 22 23 24 25 26 27 |
---------------+----------------------------------------------------------------------------------+-----
Shields        | 4 5 6 8 9 10 11 12 13 14 15 17 19 21 22 24 25 27 | 27.0
Axes           | 3 4 5 6 9 11 13 14 15 16 17 | 17.3
Armour         | 4 5 6 7 8 9 10 11 12 13 14 15 16 17 18 23 | 23.6
Fighting       | 4 5 6 8 9 10 11 12 13 14 16 18 19 20 22 23 27 | 27.0
Dodging        | 1 2 3 4 6 7 8 9 10 11 12 14 | 14.8
Maces & Flails | 1 3 7 9 11 12 13 14 15 16 17 19 20 21 26 | 26.2
Stealth        | 1 3 4 5 6 7 |  7.8
Crossbows      | 2 5 6 7 8 9 10 11 12 | 12.2
Invocations    | 3 5 7 8 9 10 11 12 13 14 | 14.4
Evocations     | 3 4 6 7 8 9 10 | 10.8
Long Blades    | 1 2 4 5 6 7 |  7.3
Throwing       | 2 4 5 6 7 |  7.1
Unarmed Combat | |  0.4
Spellcasting   | |  0.1

Action                   |  1- 3 |  4- 6 |  7- 9 | 10-12 | 13-15 | 16-18 | 19-21 | 22-24 | 25-27 || total
-------------------------+-------+-------+-------+-------+-------+-------+-------+-------+-------++-------
Melee: War axe           |    71 |    85 |       |   239 |   966 |  1342 |  1636 |     1 |       ||  4340
       Headbutt          |    10 |    27 |    42 |   158 |   355 |   469 |   610 |   556 |  1216 ||  3443
       Morningstar       |       |    47 |    92 |       |       |       |       |       |       ||   139
       Unarmed           |       |       |     7 |       |       |       |       |       |       ||     7
       Flail             |       |       |   209 |   457 |       |       |       |       |       ||   666
       Scimitar          |       |       |       |     7 |    30 |       |       |       |       ||    37
       Kick              |       |       |       |     4 |       |       |       |       |       ||     4
       Hand crossbow     |       |       |       |       |     2 |       |       |       |       ||     2
       Eveningstar       |       |       |       |       |       |       |       |  1524 |  3459 ||  4983
 Fire: Hand crossbow     |       |       |       |   148 |   128 |    83 |   171 |    70 |   333 ||   933
 Cast: Infusion          |       |       |     3 |     3 |       |       |       |       |       ||     6
Invok: Summon Divine War |       |       |       |       |     1 |       |     8 |     1 |    14 ||    24
       Cleansing Flame   |       |       |       |       |       |       |     1 |       |    19 ||    20
       Divine Shield     |       |       |       |       |       |       |       |     1 |     4 ||     5
       Brand Weapon With |       |       |       |       |       |       |       |       |     1 ||     1
 Abil: Evoke Berserk Rag |       |       |       |       |     1 |     5 |     4 |     2 |     4 ||    16
Evoke: Wand              |       |       |       |       |     1 |       |       |       |     5 ||     6
  Use: Potion            |       |     1 |     9 |     7 |     5 |     2 |     4 |       |     9 ||    37
       Scroll            |       |       |     5 |     9 |     7 |     9 |     9 |    10 |    29 ||    78
 Stab: Distracted        |       |       |     1 |       |       |       |       |       |       ||     1
  Eat: Chunk             |       |     3 |    11 |    34 |    26 |    18 |    22 |    38 |    22 ||   174
       Meat ration       |       |       |     1 |       |       |     1 |     2 |     1 |    15 ||    20
       Royal jelly       |       |       |       |     2 |     1 |       |       |       |       ||     3
       Bread ration      |       |       |       |       |     2 |     6 |     5 |     2 |     4 ||    19
       Fruit             |       |       |       |       |       |     1 |     2 |       |     1 ||     4
Armor: Scale mail        |    34 |    55 |    36 |       |       |       |       |       |       ||   125
       Skin              |       |       |    67 |     4 |       |       |       |       |       ||    71
       Leather armour    |       |       |    61 |    30 |       |       |       |       |       ||    91
       Plate armour      |       |       |       |    27 |       |       |    47 |   600 |  1134 ||  1808
       Chain mail        |       |       |       |   150 |   377 |   344 |   374 |       |       ||  1245
Dodge: Dodged            |    25 |    42 |   103 |   212 |   394 |   435 |   680 |   707 |  1578 ||  4176
Block: Shield            |    33 |    58 |   182 |   411 |   668 |   870 |  1198 |  1473 |  3651 ||  8544
       Reflection        |       |       |       |       |       |   111 |   149 |   102 |    76 ||   438
